 Dungeon Crawl Stone Soup version 0.30-a0-459-g9104f0fc43 (webtiles) character file.

Game seed: 11125024519907903839

131 cforsyth the Ruffian (level 4, -2/45 HPs)
             Began as a Troll Fighter on Dec 15, 2022.
             Slain by an iguana (7 damage)
             ... on level 4 of the Dungeon.
             The game lasted 00:03:24 (2380 turns).

cforsyth the Ruffian (Troll Fighter)                Turns: 2380, Time: 00:03:24

Health: -2/45      AC:  4    Str: 24    XL:     4   Next: 91%
Magic:  3/3        EV:  8    Int:  6    God:
Gold:   103        SH:  7    Dex:  9    Spells: 3/3 levels left

rFire   . . .      SeeInvis .      - Unarmed
rCold   . . .      Faith    .    b - +0 kite shield
rNeg    . . .      Spirit   .    a - +0 robe
rPois   .          Reflect  .    (helmet restricted)
rElec   .          Harm     .    (no cloak)
rCorr   .          Rampage  .    (gloves unavailable)
Will    .....                    (boots unavailable)
Stlth   +.........               (no amulet)
HPRegen 1.07/turn                (no ring)
MPRegen 0.08/turn                (no ring)

@: no status effects
A: large, unfitting armour, claws 3, regeneration 1, shaggy fur 1, tough skin 1
a: no special abilities


You were on level 4 of the Dungeon.
You visited 1 branch of the dungeon, and saw 4 of its levels.

You collected 103 gold pieces.

Inventory:

Armour
 a - a +0 robe (worn)
 b - a +0 kite shield (worn)
Jewellery
 e - a ring of see invisible
 h - an amulet of regeneration
 n - an amulet of reflection
Scrolls
 d - 2 scrolls of teleportation {unknown}
 f - a scroll of fog {unknown}
 i - 2 scrolls of identify {unknown}
 l - 2 scrolls of noise {unknown}
 o - 2 scrolls of immolation {unknown}
 p - a scroll of poison {unknown}
 q - a scroll of vulnerability {unknown}
Potions
 c - a potion of might
 g - 2 potions of curing {unknown}
 j - a potion of lignification {unknown}
 k - a potion of mutation {unknown}
 m - a potion of haste {unknown}


   Skills:
 + Level 3.1 Fighting
 - Level 2.6 Dodging
 + Level 3.4 Shields
 * Level 3.6 Unarmed Combat


You had 3 spell levels left.
You didn't know any spells.
Your spell library contained the following spells:

 Spells                   Type           Power      Damage    Failure   Level
 Cigotuvi's Dreadful Rot  Necr/Pois/Air  0%         N/A       87%         2
 Poisonous Vapours        Pois/Air       0%         N/A       87%         2
 Mephitic Cloud           Conj/Pois/Air  0%         N/A       98%         3


Dungeon Overview and Level Annotations

Branches:
Dungeon (4/15)
 Temple: D:4-7

Altars:
Sif Muna
Uskayaw


Innate Abilities, Weirdness & Mutations

You are too large for most types of armour.
You have claws for hands.
Your natural rate of healing is unusually fast.
You are covered in fur. (AC +1)
You have tough skin. (AC +1)


Message History

You closely miss the hound. You block the hound's attack. The hound bites you.
You closely miss the hound. The hound bites you.
You claw the hound!
The hound is almost dead.
You block the hound's attack. The hound closely misses you.
You claw the hound!
You kill the hound!
There is a stone staircase leading down, spattered with blood here.
You start waiting.
Done waiting.
You start waiting.
Done waiting.
You climb downwards.
The iguana bites you but does no damage.
The black bear bites you but does no damage.
The black bear claws you but does no damage.
The black bear claws you. The iguana bites you!
You block the black bear's attack.
The black bear claws you but does no damage.
You block the black bear's attack.
There is a stone staircase leading up, spattered with blood here.
You claw the black bear!
The black bear is heavily wounded.
The iguana barely misses you. The black bear barely misses you.
You block the black bear's attack. x2
You scratch the black bear.
The black bear is severely wounded.
The iguana bites you! The black bear barely misses you.
The black bear claws you but does no damage. x2
You completely miss the black bear.
The black bear is severely wounded.
The iguana bites you!
The black bear goes berserk!
You scratch the black bear but do no damage.
The black bear is severely wounded.
The black bear bites you!
* * * LOW HITPOINT WARNING * * *
The black bear barely misses you. The black bear claws you.
* * * LOW HITPOINT WARNING * * *
The iguana bites you!
You die...

######## #......# #......######
#......##...# #......##.<.#
...# #..######.).# #..#
#.########.#######..####.##.#
#.# #...#...#.l.##....#.....#
#.# #.<...⌠...@.##....#.....#
#.# #...#...#..h##....#.....#
#.########.#######....#.....#
#...........h........# #...#
##........8....l.....###...###.
#.................)..)†.......
#########.#######.............
#...#...#...##.............
#.>...⌠...>.##.........^...


You could see a black bear (berserk) and an iguana.

Vanquished Creatures
  A hound (D:3)
  3 adders
  A white imp (D:3)
  2 worms
  3 dart slugs
  An orc (D:3)
  6 bats
  4 endoplasms
  3 giant cockroaches
  8 goblins
  4 hobgoblins
  4 kobolds
  3 quokkas
  6 ball pythons
  4 frilled lizards
  3 rats
56 creatures vanquished.

Notes
Turn   | Place    | Note
-------+----------+-------------------------------------------
     0 | D:1      | cforsyth the Troll Fighter began the quest for the Orb.
     0 | D:1      | Reached XP level 1. HP: 22/22 MP: 0/0
   224 | D:1      | Reached XP level 2. HP: 28/29 MP: 1/1
   732 | D:2      | Found a shimmering blue altar of Sif Muna.
  1025 | D:2      | Reached XP level 3. HP: 36/36 MP: 2/2
  1459 | D:3      | Reached XP level 4. HP: 44/44 MP: 3/3
  1501 | D:3      | Found a hide-covered altar of Uskayaw.
  1505 | D:3      | Noticed a +0 hand axe
  1505 | D:3      | Noticed a +0 hand axe
  2131 | D:4      | Noticed a black bear
  2380 | D:4      | Slain by an iguana

Illustrated notes

Levels and vault maps discovered:
D:1:      lightli_arrival_maybe_door_vault, layout_basic
D:2:      layout_basic, basic_altar, grunt_ministairs_4
D:3:      minmay_skewed_foursquare, layout_rooms, dancing_weapons_uskayaw
D:4:      layout_gridville, vehumet_altar_wand_db, nicolae_elevator_lobby_plus,
          uniq_menkaure

Skill      XL: |  1  2  3  4 |
---------------+-------------+-----
Shields        | 3 |  3.4
Unarmed Combat | 3 |  3.6
Fighting       | 3 |  3.1
Dodging        | |  2.6

Action                   |  1- 3 |  4- 6 || total
-------------------------+-------+-------++-------
Melee: Unarmed           |    98 |    59 ||   157
 Stab: Sleeping          |     1 |     1 ||     2
Armor: Robe              |    45 |    20 ||    65
Dodge: Dodged            |    35 |    25 ||    60
Block: Kite shield       |    38 |    30 ||    68

Table legend: (Time is in decaauts)
 A = Elapsed time spent in this place.
 B = Non-inter-level travel time spent in this place.
 C = Inter-level travel time spent in this place.
 D = Time resting spent in this place.
 E = Time spent auto-exploring this place.
 F = Levels seen in this place.
 G = Mean time per level.
                   A        B        C        D        E       F      G
               +--------+--------+--------+--------+--------+-----+--------+
         Total |   2395 |   2291 |    104 |    200 |   1555 |   4 |  598.8 |
       Dungeon |   2395 |   2291 |    104 |    200 |   1555 |   4 |  598.8 |
               +--------+--------+--------+--------+--------+-----+--------+

Top non-repeatable levels by time:
     D:3: 881 daAuts
     D:1: 704 daAuts
     D:2: 674 daAuts
     D:4: 135 daAuts
